 Dungeon Crawl Stone Soup version 0.24-a0-613-g1ff6aac338 (webtiles) character file.

Game seed: 12146886844162804898, levelgen mode: deterministic

18067 Grimm the Cleaver (level 12, -4/110 HPs)
             Began as a Minotaur Berserker on Sept 10, 2019.
             Was a High Priest of Trog.
             Slain by a cyan ugly thing (12 damage)
             ... on level 11 of the Dungeon.
             The game lasted 00:43:01 (12166 turns).

Grimm the Cleaver (Minotaur Berserker)             Turns: 12166, Time: 00:43:01

Health: -4/110     AC: 25    Str: 27    XL:     12   Next: 24%
Magic:  11/11      EV:  9    Int:  4    God:    Trog [*****.]
Gold:   711        SH:  0    Dex: 12    Spells: 11/11 levels left

rFire    . . .     SeeInvis .   b - +0 battleaxe
rCold    . . .     Gourm    +   (shield currently unavailable)
rNeg     . . .     Faith    .   h - +7 chain mail of Gehenna {Dex+2}
rPois    +         Spirit   .   s - +1 hat
rElec    .         Reflect  .   u - +0 cloak
rCorr    .         Harm     .   D - +0 pair of gloves (curse)
MR       .....                  y - +0 pair of boots
Stlth    ..........             t - amulet of the gourmand
HPRegen  0.28/turn              p - +2 ring of protection
MPRegen  0.12/turn              w - ring of poison resistance

@: lethally poisoned (-4 -> -5), berserk cooldown, slowed, very slow
A: retaliatory headbutt, horns 2
a: Berserk, Trog's Hand, Brothers in Arms, Renounce Religion


You were on level 11 of the Dungeon.
You worshipped Trog.
Trog was extremely pleased with you.
You were very full.

You visited 1 branch of the dungeon, and saw 11 of its levels.

You collected 711 gold pieces.

Inventory:

Hand Weapons
 a - a +0 hand crossbow
 b - a +0 battleaxe (weapon)
Missiles
 o - 2 throwing nets (quivered)
 J - 91 bolts
Armour
 h - the +7 chain mail of Gehenna (worn) {Dex+2}
   (You found it on level 8 of the Dungeon)

   It affects your dexterity (+2).
 n - a +2 ring mail of cold resistance
 s - a +1 hat (worn)
 u - a +0 cloak (worn)
 y - a +0 pair of boots (worn)
 D - a cursed +0 pair of gloves (worn)
Jewellery
 p - a +2 ring of protection (left hand)
 t - an amulet of the gourmand (around neck)
 w - a ring of poison resistance (right hand)
 H - an uncursed ring of ice
 L - a +3 ring of protection
 M - a +3 amulet of reflection {unknown}
Wands
 i - a wand of random effects (20)
 v - a wand of enslavement (7)
 A - a wand of iceblast (25)
 E - a wand of paralysis (8)
 F - a wand of digging (6)
 I - a wand of polymorph (9)
Scrolls
 g - 3 scrolls of magic mapping
 j - 8 scrolls of remove curse
 z - a scroll of fog
 B - 2 scrolls of silence
 C - 4 scrolls of teleportation
 O - a scroll of enchant armour
Potions
 d - 3 potions of lignification
 e - 2 potions of flight
 f - 6 potions of mutation
 k - 2 potions of haste
 l - a potion of invisibility
 m - 4 potions of curing
 q - 3 potions of might
 r - a potion of resistance
 x - a potion of heal wounds
 G - a potion of berserk rage {unknown}
 N - a potion of cancellation {unknown}
Comestibles
 c - 19 rations


   Skills:
 + Level 11.0 Fighting
 + Level 14.3 Axes
 - Level 11.5 Crossbows
 - Level 2.9 Throwing
 - Level 10.0 Armour
 - Level 2.1 Dodging


You had 11 spell levels left.
You didn't know any spells.
Your spell library was empty.

Dungeon Overview and Level Annotations

Branches:
Dungeon (11/15)            Temple (0/1) D:6            Lair (0/6) D:11
    Orc (0/2) D:9

Altars:
Cheibriados
Dithmenos
Fedhas
Nemelex Xobeh
Okawaru
Ru
Uskayaw
Xom
Zin
The Shining One

Shops:
D:9 (

Annotations:
D:5 exclusion: 2 upstairs
D:6 exclusion: oklob plant
D:7 1 runed translucent door, exclusion: downstairs


Innate Abilities, Weirdness & Mutations

You reflexively headbutt those who attack you in melee.
You have a pair of horns on your head.


Message History

The cyan ugly thing is severely wounded.
The cyan ugly thing claws you! The cyan ugly thing shocks you!
* * * LOW HITPOINT WARNING * * *
You are too berserk!
You feel a strong urge to attack something.
You feel sick.
You feel your anger nearly subside.
You are no longer berserk.
You are exhausted.
You feel yourself slow down.
You feel sick.
You feel much better. The cyan ugly thing claws you.
The cyan ugly thing shocks you! The cyan ugly thing claws you!
* * * LOW HITPOINT WARNING * * *
The cyan ugly thing shocks you!
* * * LOW HITPOINT WARNING * * *
Your ogre goes berserk!
You feel quite a bit less full. The cyan ugly thing claws you!
* * * LOW HITPOINT WARNING * * *
The cyan ugly thing shocks you!
You die...

#.# #.# #.# # #.#
.## #.# #.#
#.###.## #.# ...
#.# #†# #@# #)#
#u###.############
#O................
#.#.#.#.....#.#...
#...###.#.###.'.(#
###.....#.....####
##'####.....###
#.##.........##
#.#...........#


You could see a cyan ugly thing and a friendly ogre (berserk).

Vanquished Creatures
  Josephine (D:11)
  Harold (D:8)
  A hydra (D:8)
  2 two-headed ogres
  An unseen horror (D:11)
  A manticore (D:11)
  An elephant (D:11)
  Maurice (D:8)
  A gargoyle (D:11)
  Psyche (D:8)
  A troll (D:10)
  Prince Ribbit (D:5)
  2 hornets (D:11)
  3 hippogriffs
  2 dream sheep (D:8)
  4 slime creatures (D:11)
  Sigmund (D:5)
  7 yaks
  A wyvern (D:9)
  A basilisk (D:11)
  6 wraiths
  Grum (D:8)
  A steam dragon (D:11)
  Eustachio (D:5)
  5 soldier ants
  Duvessa (D:5)
  A water moccasin (D:7)
  A sky beast (D:11)
  6 orc warriors
  2 black bears
  2 eyes of draining (D:11)
  6 ogres
  An ice beast (D:10)
  A phantom (D:10)
  A necrophage (D:11)
  3 wolves (D:8)
  3 centaurs
  A crocodile (D:11)
  4 big kobolds
  8 bullfrogs
  A water moccasin zombie (D:9)
  Dowan (D:5)
  7 scorpions
  A water moccasin skeleton (D:9)
  19 killer bees
  2 howler monkeys (D:9)
  7 crimson imps
  A jelly (D:11)
  2 centaur zombies
  8 hounds
  A quasit (D:6)
  5 orc priests
  Crazy Yiuf (D:4)
  3 centaur skeletons
  2 bullfrog skeletons
  Jessica (D:3)
  Ijyb (D:4)
  2 iguanas
  Natasha (thrice) (D:2)
  6 orc wizards
  7 worker ants
  Terence (D:2)
  A killer bee zombie (D:10)
  A hound zombie (D:6)
  A worker ant zombie (D:8)
  6 gnolls
  13 adders
  4 shadow imps
  2 oozes
  3 adder skeletons
  3 worms
  A dart slug (D:3)
  9 leopard geckos
  32 orcs
  2 ball pythons
  3 goblins
  10 hobgoblins
  13 jackals
  10 kobolds
  6 quokkas
  6 bats
  5 frilled lizards
  A leopard gecko zombie (D:8)
  A quokka skeleton (D:4)
  5 rats
309 creatures vanquished.

Vanquished Creatures (others)
  A plant (D:11)
  16 toadstools (D:6)
17 creatures vanquished.

Grand Total: 326 creatures vanquished

Notes
Turn   | Place    | Note
-------+----------+-------------------------------------------
     0 | D:1      | Grimm the Minotaur Berserker began the quest for the Orb.
     0 | D:1      | Reached XP level 1. HP: 19/19 MP: 0/0
   110 | D:1      | Reached skill level 4 in Axes
   587 | D:1      | Reached XP level 2. HP: 26/26 MP: 1/1
  1244 | D:2      | Reached skill level 5 in Axes
  1244 | D:2      | Reached XP level 3. HP: 26/31 MP: 2/2
  1515 | D:2      | Found a glowing golden altar of the Shining One.
  1569 | D:2      | Noticed Natasha
  1575 | D:2      | Killed Natasha
  1575 | D:2      | Reached XP level 4. HP: 30/40 MP: 3/3
  1600 | D:2      | Noticed Natasha
  1622 | D:2      | Killed Natasha
  1622 | D:2      | Reached ** piety under Trog
  1816 | D:2      | Noticed Terence
  1831 | D:2      | Killed Terence
  1831 | D:2      | Reached skill level 6 in Axes
  1885 | D:2      | Noticed Natasha
  1890 | D:2      | Killed Natasha
  1890 | D:2      | Reached XP level 5. HP: 47/47 MP: 4/4
  2178 | D:2      | Found a shimmering blue altar of Sif Muna.
  2180 | D:2      | Found a shimmering altar of Xom.
  2180 | D:2      | Found a burning altar of Makhleb.
  2182 | D:2      | Found an opulent altar of Gozag.
  2182 | D:2      | Found an iron altar of Okawaru.
  2182 | D:2      | Found an ornate altar of the Wu Jian Council.
  2377 | D:3      | Found a hide-covered altar of Uskayaw.
  2377 | D:3      | Found a glowing silver altar of Zin.
  2379 | D:3      | Found an iron altar of Okawaru.
  2379 | D:3      | Found a sacrificial altar of Ru.
  2381 | D:3      | Found a shadowy altar of Dithmenos.
  2381 | D:3      | Found a snail-covered altar of Cheibriados.
  2382 | D:3      | Found a sparkling altar of Nemelex Xobeh.
  2681 | D:3      | Noticed Jessica
  2696 | D:3      | Killed Jessica
  2696 | D:3      | Reached skill level 5 in Fighting
  2696 | D:3      | Reached XP level 6. HP: 56/56 MP: 5/5
  3471 | D:4      | Reached skill level 7 in Axes
  3961 | D:4      | Reached skill level 5 in Armour
  3991 | D:4      | Noticed Ijyb
  4000 | D:4      | Killed Ijyb
  4000 | D:4      | Reached *** piety under Trog
  4152 | D:4      | Found a runed translucent door.
  4153 | D:4      | Noticed Crazy Yiuf
  4162 | D:4      | Killed Crazy Yiuf
  4260 | D:5      | Entered Level 5 of the Dungeon
  4272 | D:5      | Reached XP level 7. HP: 61/61 MP: 6/6
  4278 | D:5      | Reached skill level 1 in Throwing
  4291 | D:5      | Reached skill level 8 in Axes
  4419 | D:5      | Noticed Duvessa
  4419 | D:5      | Noticed Dowan
  4423 | D:5      | Killed Dowan
  4428 | D:5      | Killed Duvessa
  4562 | D:5      | Noticed Eustachio
  4743 | D:5      | Killed Eustachio
  4791 | D:5      | Noticed Sigmund
  4815 | D:4      | Reached XP level 8. HP: 55/68 MP: 7/7
  4961 | D:5      | Killed Sigmund
  4961 | D:5      | Reached skill level 9 in Axes
  5099 | D:5      | Noticed Prince Ribbit
  5109 | D:5      | Killed Prince Ribbit
  5109 | D:5      | Reached skill level 5 in Crossbows
  5788 | D:6      | Found a staircase to the Ecumenical Temple.
  5806 | D:6      | Reached skill level 10 in Axes
  5817 | D:6      | Reached XP level 9. HP: 64/74 MP: 8/8
  6329 | D:6      | Found a blossoming altar of Fedhas.
  6340 | D:6      | Noticed an oklob plant
  6543 | D:7      | Found the +9 staff of Olgreb {rPois}
  6555 | D:7      | Found a runed translucent gate.
  6555 | D:7      | Found a runed translucent gate.
  6573 | D:7      | Found a runed translucent door.
  6581 | D:7      | Found a runed translucent gate.
  6589 | D:7      | Found a runed translucent door.
  6723 | D:7      | Received a gift from Trog
  7234 | D:7      | Reached skill level 11 in Axes
  7713 | D:8      | Got a jet-encrusted chain mail
  7724 | D:8      | Identified the +7 chain mail of Gehenna {Dex+2} (You found
                  | it on level 8 of the Dungeon)
  7763 | D:8      | Noticed Harold
  7777 | D:8      | Noticed Maurice
  7964 | D:8      | Killed Harold
  7964 | D:8      | Reached skill level 10 in Crossbows
  7964 | D:8      | Reached XP level 10. HP: 83/83 MP: 9/9
  7981 | D:8      | Killed Maurice
  8074 | D:8      | Noticed Grum
  8089 | D:8      | Killed Grum
  8095 | D:8      | Reached **** piety under Trog
  8149 | D:8      | Noticed Psyche
  8168 | D:8      | Killed Psyche
  8553 | D:8      | Noticed a two-headed hydra
  8565 | D:8      | Killed a two-headed hydra
  8565 | D:8      | Reached skill level 12 in Axes
  8704 | D:9      | Found a staircase to the Orcish Mines.
  8876 | D:9      | Found Bejurorch's Antique Weapon Shop.
  9027 | D:9      | Reached XP level 11. HP: 92/92 MP: 10/10
  9042 | D:9      | Reached ***** piety under Trog
  9607 | D:10     | Entered Level 10 of the Dungeon
 10075 | D:10     | Found a shadowy altar of Dithmenos.
 10094 | D:10     | Noticed a two-headed ogre
 10102 | D:10     | Killed a two-headed ogre
 10397 | D:10     | Received a gift from Trog
 10894 | D:11     | Noticed Josephine
 10901 | D:11     | Reached skill level 13 in Axes
 10902 | D:11     | Killed Josephine
 11248 | D:11     | Reached skill level 10 in Fighting
 11289 | D:11     | Reached skill level 10 in Armour
 11346 | D:11     | Reached XP level 12. HP: 75/106 MP: 11/11
 11486 | D:11     | Found a staircase to the Lair.
 11535 | D:11     | Reached skill level 14 in Axes
 12117 | D:11     | Noticed a two-headed ogre
 12121 | D:11     | Killed a two-headed ogre
 12166 | D:11     | Slain by a cyan ugly thing

Levels and vault maps discovered:
D:1:      dpeg_arrival_morbid_curiosity, layout_basic
D:2:      layout_loops_ring, doesnt_xom_only_xom, nicolae_tso_carved_into_rock,
          uniq_terence, uniq_natasha
D:3:      cheibrodos_helix_gallery, layout_loops_ring,
          grunt_temple_overflow_open, first_ration, kennysheep_small_spiral,
          grunt_ministairs_14, uniq_jessica
D:4:      layout_loops_cross, uniq_ijyb, uniq_crazy_yiuf_cottage
D:5:      layout_cave_pools, uniq_eustachio, uniq_duvessa, uniq_sigmund,
          uniq_prince_ribbit1
D:6:      layout_loops_ring, minmay_temple_entry_wispy, nrook_mini_backslash,
          tgw_fedhas
D:7:      layout_cave_pools, minmay_guarded_unrand_staff_of_olgreb
D:8:      layout_cave_pools, hangedman_ranch [blue_anna_fruit_fields],
          uniq_harold, uniq_maurice, uniq_grum, uniq_psyche
D:9:      layout_cave_pools, orc_david_3, serial_shops, shop
D:10:     layout_grid_maze, basic_altar
D:11:     layout_roguey, david_lair_generic,
          minmay_the_grid_square_5x5_3x3_mashed
          [minmay_the_grid_square_5x5_dogpile,
          minmay_the_grid_square_5x5_inverted_slash,
          minmay_the_grid_square_5x5_half_checkered,
          minmay_the_grid_square_5x5_six_small,
          minmay_the_grid_square_5x5_megaprize_hollow,
          minmay_the_grid_square_5x5_two_small, minmay_the_grid_square_5x5_n,
          minmay_the_grid_square_5x5_minimal, minmay_the_grid_square_5x5_plus],
          uniq_josephine

Skill      XL: |  1  2  3  4  5  6  7  8  9 10 11 12 |
---------------+-------------------------------------+-----
Axes           | 4 5 6 7 8 10 11 12 13 14 | 14.3
Fighting       | 4 5 7 10 11 | 11.0
Armour         | 3 4 5 7 10 | 10.0
Throwing       | 2 |  2.9
Crossbows      | 2 7 10 11 | 11.5
Dodging        | |  2.1

Action                   |  1- 3 |  4- 6 |  7- 9 | 10-12 || total
-------------------------+-------+-------+-------+-------++-------
Melee: Hand axe          |    71 |   186 |    15 |       ||   272
       Headbutt          |     9 |    44 |    45 |    90 ||   188
       War axe           |       |       |   218 |    97 ||   315
       Battleaxe         |       |       |       |   303 ||   303
 Fire: Hand crossbow     |       |       |     7 |    30 ||    37
Throw: Stone             |     6 |    18 |       |       ||    24
Invok: Berserk           |     1 |    11 |    10 |    12 ||    34
       Trog's Hand       |       |     2 |       |     1 ||     3
       Brothers in Arms  |       |       |       |     1 ||     1
  Use: Scroll            |       |     1 |    20 |     4 ||    25
       Potion            |       |       |     2 |     4 ||     6
  Eat: Chunk             |     2 |    18 |    17 |    33 ||    70
       Ration            |       |     1 |     2 |       ||     3
Armor: Ring mail         |    21 |       |       |       ||    21
       Animal skin       |     2 |       |       |       ||     2
       Plate armour      |     2 |   105 |   152 |       ||   259
       Chain mail        |       |       |    30 |   336 ||   366
       Skin              |       |       |       |     3 ||     3
Dodge: Dodged            |    51 |    59 |    84 |   212 ||   406

Table legend:
 A = Non-vault XP
 B = Vault XP
 C = Vault XP percentage of total XP
 D = Non-vault monster count
 E = Vault monster count
 F = Vault count percentage of total count
                 A         B        C        D         E       F
            +---------+---------+-------+---------+---------+-------
      Total |   14042 |   11768 |  45.6 |     237 |      72 |  23.3
            +---------+---------+-------+---------+---------+-------
        D:1 |       9 |      10 |  52.6 |       5 |       5 |  50.0
        D:2 |     133 |      67 |  33.5 |      20 |       2 |   9.1
        D:3 |     154 |      41 |  21.0 |      28 |       5 |  15.2
        D:4 |     344 |      77 |  18.3 |      13 |       2 |  13.3
        D:5 |     440 |     921 |  67.7 |      12 |       5 |  29.4
        D:6 |     790 |       0 |   0.0 |      13 |       0 |   0.0
        D:7 |     277 |    1433 |  83.8 |       9 |      20 |  69.0
        D:8 |     884 |    4602 |  83.9 |      24 |      15 |  38.5
        D:9 |    1921 |     145 |   7.0 |      34 |       5 |  12.8
       D:10 |    3694 |       0 |   0.0 |      28 |       0 |   0.0
       D:11 |    5396 |    4472 |  45.3 |      51 |      13 |  20.3
            +---------+---------+-------+---------+---------+-------
